 Dungeon Crawl Stone Soup version 0.28-a0-1143-gcf6077d4cc (webtiles) character file.

Game seed: 6775274060028120983

27 spaghetti the Charlatan (level 2, 0/21 HPs)
             Began as a Mummy Artificer on Dec 14, 2021.
             Was a Follower of Nemelex Xobeh.
             Slain by an orc wizard (1 damage)
             ... on level 2 of the Dungeon.
             The game lasted 00:02:58 (1936 turns).

spaghetti the Charlatan (Mummy Artificer)           Turns: 1936, Time: 00:02:58

Health: 0/21       AC:  3    Str: 15    XL:     2   Next: 93%
Magic:  2/2        EV: 11    Int: 10    God:    Nemelex Xobeh [*.....]
Gold:   47         SH:  0    Dex: 12    Spells: 1/1 levels left

rFire   x . .      SeeInvis .   l - +0 war axe (elec) {axe}
rCold   + . .      Faith    .   (no shield)
rNeg    + + +      Spirit   .   b - +0 leather armour
rPois   ∞          Reflect  .   (no helmet)
rElec   .          Harm     .   (no cloak)
rCorr   .          Rampage  .   (no gloves)
Will    .....                   (no boots)
Stlth   +.........              (no amulet)
HPRegen 0.07/turn               (no ring)
MPRegen 0.08/turn               (no ring)

@: no status effects
A: cold resistance 1, negative energy resistance 3, torment resistance 2, heat
vulnerability 1, no potions
a: Renounce Religion, Draw Escape, Draw Destruction, Draw Summoning


You were on level 2 of the Dungeon.
You worshipped Nemelex Xobeh.
Nemelex Xobeh was aware of your devotion.
You visited 1 branch of the dungeon, and saw 2 of its levels.

You collected 47 gold pieces.


Innate Abilities, Weirdness & Mutations

You are immune to poison.
Your flesh is cold resistant. (rC+)
You are immune to negative energy. (rN+++)
You are immune to unholy pain and torment.
You are vulnerable to heat. (rF-)
You do not drink.


   Skills:
 - Level 1.0 Fighting
 + Level 1.1 Axes
 - Level 1.5 Armour
 - Level 0.7 Dodging
 - Level 0.7 Stealth
 - Level 1.4 Unarmed Combat
 - Level 0.2 Invocations
 - Level 2.4 Evocations


You had one spell level left.
You didn't know any spells.
Your spell library was empty.

Inventory:

Hand Weapons
 a - a +0 club {mace}
 h - a +0 dagger {short}
   (You took it off a goblin on level 1 of the Dungeon)
 k - a +0 dagger {short}
   (You took it off a kobold on level 1 of the Dungeon)
 l - a +0 war axe of electrocution (weapon) {axe}
   (You found it on level 1 of the Dungeon)
Missiles
 i - 27 bolts
 m - 13 sling bullets
 n - 4 stones {throwing}
Armour
 b - a +0 leather armour (worn)
Wands
 c - a wand of flame (15) (quivered)
 d - a wand of charming (15)
Scrolls
 f - a scroll of immolation {unknown}
 g - a scroll of blinking {unknown}
 j - 2 scrolls of teleportation {unknown}
Miscellaneous
 e - a piece from Xom's chessboard (15/15)

Dungeon Overview and Level Annotations

Branches:
Dungeon (2/15)

Altars:
Nemelex Xobeh

#.#†# ##..## #.. #.#.#
#.)..# ... #.#.# #....#
### #.. #†#.#
#8..8###≈≈≈ #.. #.#.#
#8..8≈≈≈≈≈≈ # #..
#.#.###≈..≈≈≈≈≈≈≈ ≈≈#..
#...≈≈≈≈..≈≈≈≈≈≈≈
≈≈≈≈≈###≈≈≈≈≈≈≈..≈≈≈≈≈≈#
≈≈≈≈≈≈≈≈≈≈≈≈≈≈≈.@≈≈≈##.
≈≈≈≈≈≈≈≈≈≈≈≈≈≈≈..≈......
≈≈≈≈≈≈≈≈≈≈≈≈≈.8w.8.###..
###≈≈g≈≈≈≈###.8..8.#
######### #.(....#
#......# #.#.....
#........ ####.<....


You could see a worm.


Message History

You hit the orc. Lightning courses through the orc!
You kill the orc!
Your Axes skill increases to level 1!
No target in view!
No target in view!
No target in view!
No target in view!
No target in view!
No target in view!
No target in view!
No target in view!
No target in view!
No target in view!
No target in view!
No target in view!
No target in view!
No target in view!
No target in view!
No target in view!
No target in view!
No target in view!
No target in view!
Items here: ))) [[ †.
Okay, then.
An orc comes into view. It is wielding a +0 club. 😎 HP[+1]
Your hp is fully restored (21).
An orc wizard comes into view. It is wielding a +0 dagger.
The orc wizard moves out of view.
You slash the orc!
You kill the orc!
No target in view!
No target in view!
No target in view!
No target in view!
No target in view!
No target in view!
No target in view!
No target in view!
No target in view!
No target in view!
No target in view!
No target in view!
No target in view!
No target in view!
No target in view!
Things that are here:
a +0 club {mace}; an orc corpse A hobgoblin is nearby!
A hobgoblin is nearby!
The orc wizard shouts!
The hobgoblin hits you but does no damage.
You barely miss the hobgoblin.
The hobgoblin hits you but does no damage.
The hobgoblin hits you. 😕 HP[-2]
You take 2 damage, and now have 19/21 hp.
You slash the hobgoblin!
You kill the hobgoblin!
The orc wizard casts a spell.
The orc wizard flickers and vanishes!
Deactivating autopickup; reactivate with Ctrl-A.
No target in view! 😕 HP[+1] No target in view!
No target in view!
No target in view!
No target in view!
No target in view!
No target in view!
No target in view!
No target in view!
No target in view!
No target in view!
No target in view!
No target in view!
No target in view!
No target in view!
A worm comes into view.
Found an escape hatch in the ceiling.
You hit the worm. The worm bites you. 😮 HP[-6]
You take 6 damage, and now have 14/21 hp.
MASSIVE DAMAGE!! (PAUSE)
You slash the worm! You hit the worm. The worm bites you. 😮 HP[-2]
You take 2 damage, and now have 12/21 hp.
You hit the worm but do no damage. You closely miss something.
Something hits you but does no damage. The worm bites you!
* * * LOW HITPOINT WARNING * * *
Something hits you.
* * * LOW HITPOINT WARNING * * *
😱 HP[-11]
You take 11 damage, and now have 1/21 hp.
MASSIVE DAMAGE!! (PAUSE)
Okay, then.
Something hits you.
You die...
Your body glows slightly and disappears.

Skill      XL: |  1  2 |
---------------+-------+-----
Unarmed Combat | 1 |  1.4
Axes           | 1 |  1.1
Fighting       | |  1.0
Armour         | |  1.5
Dodging        | |  0.7
Stealth        | |  0.7
Invocations    | |  0.2
Evocations     | |  2.4

Action                   || total
-------------------------++-------
Melee: Club              ||    34
       War axe           ||    19
       Unarmed           ||    10
 Stab: Sleeping          ||     1
Armor: Leather armour    ||    14
Dodge: Dodged            ||    34

Levels and vault maps discovered:
D:1:      lemuel_arrival_funnel, layout_basic, nicolae_ecumenical_snake_handling
D:2:      wander_river, layout_basic

Notes
Turn   | Place    | Note
-------+----------+-------------------------------------------
     0 | D:1      | spaghetti the Mummy Artificer began the quest for the Orb.
     0 | D:1      | Reached XP level 1. HP: 15/15 MP: 1/1
     0 | D:1      | magus.rc [v1.9.6]
   372 | D:1      | Found a faded altar of an unknown god.
   379 | D:1      | Reached skill level 1 in Unarmed Combat
   606 | D:1      | Reached XP level 2. HP: 20/21 MP: 2/2
   615 | D:1      | Prayed at the altar of an unknown god.
   615 | D:1      | Became a worshipper of Nemelex Xobeh the Trickster
   615 | D:1      | Reached * piety under Nemelex Xobeh
   615 | D:1      | Received a gift from Nemelex Xobeh
  1909 | D:2      | Reached skill level 1 in Axes
  1935 | D:2      | HP: 5/21 [worm (7)]
  1935 | D:2      | HP: 1/21 [something (4)]
  1936 | D:2      | Slain by an orc wizard

Vanquished Creatures
  A dart slug (D:1)
  4 orcs (D:2)
  2 endoplasms
  3 goblins (D:1)
  A hobgoblin (D:2)
  2 quokkas
  A ball python (D:1)
  A frilled lizard (D:1)
  2 kobolds
  3 rats
20 creatures vanquished.

Table legend:
 A = Non-vault XP
 B = Vault XP
 C = Vault XP percentage of total XP
 D = Non-vault monster count
 E = Vault monster count
 F = Vault count percentage of total count
                 A         B        C        D         E       F
            +---------+---------+-------+---------+---------+-------
      Total |      38 |       1 |   2.6 |      19 |       1 |   5.0
            +---------+---------+-------+---------+---------+-------
        D:1 |      18 |       1 |   5.3 |      10 |       1 |   9.1
        D:2 |      20 |       0 |   0.0 |       9 |       0 |   0.0
            +---------+---------+-------+---------+---------+-------

Illustrated notes

Table legend:
 A = Kills in this place as a percentage of kills in entire the game.
 B = Kills by you in this place as a percentage of kills by you in the entire game.
 C = Kills by friends in this place as a percentage of kills by friends in the entire game.
 D = Other kills in this place as a percentage of other kills in the entire game.
 E = Experience gained in this place as a percentage of experience gained in the entire game.
 F = Experience gained in this place divided by the number of levels of this place that you have seen.
                   A       B       C       D       E      F
               +-------+-------+-------+-------+-------+----------------------
         Total | 100.0 | 100.0 |   N/A |   N/A | 100.0 |  19.5
       Dungeon | 100.0 | 100.0 |   N/A |   N/A | 100.0 |  19.5
               +-------+-------+-------+-------+-------+----------------------

Table legend: (Time is in decaauts)
 A = Elapsed time spent in this place.
 B = Non-inter-level travel time spent in this place.
 C = Inter-level travel time spent in this place.
 D = Time resting spent in this place.
 E = Time spent auto-exploring this place.
 F = Levels seen in this place.
 G = Mean time per level.
                   A        B        C        D        E       F      G
               +--------+--------+--------+--------+--------+-----+--------+
         Total |   1959 |   1940 |     19 |    980 |    757 |   2 |  979.5 |
       Dungeon |   1959 |   1940 |     19 |    980 |    757 |   2 |  979.5 |
               +--------+--------+--------+--------+--------+-----+--------+

Top non-repeatable levels by time:
     D:1: 1133 daAuts
     D:2: 825 daAuts
